Map: Refinery XJ-17

Players

Loken

  • Race: Protoss Protoss
  • League: Platinum
  • Spawn Location: 0:00

Rugi

  • Race: Zerg Zerg
  • League: Master
  • Spawn Location: 0:00

Myran

  • Race: Protoss Protoss
  • Spawn Location: 5:00

dallaskuken

  • Race: Protoss Protoss
  • League: Platinum
  • Spawn Location: 3:00

Danny

  • Race: Protoss Protoss
  • League: Master
  • Spawn Location: 7:00

HiDo

  • Race: Terran Terran
  • League: Master
  • Spawn Location: 7:00

iceman

  • Race: Terran Terran
  • League: Diamond
  • Spawn Location: 6:00

MaDMaX

  • Race: Protoss Protoss
  • League: Master
  • Spawn Location: 6:00

VOD

Have the link to the VOD?

Description

Time

  • Played on: March 30, 2017, 4:51 p.m.
  • Length: 15:39
Show
View Real Time Build Order
Export as new Build Order

Loken Protoss 

Build Orders: 1 Gate Expand 

Get SALT Encoding   

  12  0:01  Probe (Chrono Boost)  
  13  0:12  Probe (Chrono Boost)  
  14  0:22  Probe (Chrono Boost)  
  14  0:24  Pylon  
  15  0:38  Pylon  
  16  0:43  Probe (Chrono Boost)  
  16  0:51  Gateway  
  16  0:53  Probe (Chrono Boost)  
  17  1:03  Forge  
  17  1:07  Probe (Chrono Boost)  
  18  1:16  Pylon  
  18  1:21  Probe (Chrono Boost)  
  19  1:41  Nexus  
  19  1:45  Probe (Chrono Boost)  
  20  1:56  Probe (Chrono Boost)  
  21  2:06  Probe (Chrono Boost)  
  21  2:07  Photon Cannon  
  22  2:13  Cybernetics Core  
  22  2:17  Probe (Chrono Boost)  
  22  2:20  Assimilator  
  23  2:24  Assimilator  
  23  2:35  Pylon  
  23  2:38  Pylon  
  23  2:43  Probe (Chrono Boost)  
  24  2:54  Probe (Chrono Boost)  
  25  2:59  Probe (Chrono Boost)  
  25  3:03  Warp Gate  
  25  3:04  Probe (Chrono Boost), Stalker  
  29  3:17  Probe (Chrono Boost)  
  29  3:19  Probe (Chrono Boost)  
  31  3:27  Probe (Chrono Boost)  
  31  3:29  Probe (Chrono Boost)  
  33  3:41  Probe (Chrono Boost)  
  34  3:42  Probe (Chrono Boost)  
  34  3:48  Pylon  
  35  3:51  Probe (Chrono Boost)  
  35  3:53  Probe (Chrono Boost)  
  35  3:55  Gateway  
  37  3:58  Gateway  
  37  3:59  Gateway  
  37  4:02  Probe (Chrono Boost)  
  38  4:03  Gateway  
  38  4:04  Probe (Chrono Boost), Protoss Ground Weapons Level 1  
  38  4:06  Gateway  
  39  4:12  Probe (Chrono Boost)  
  39  4:14  Probe (Chrono Boost)  
  42  4:24  Probe (Chrono Boost)  
  42  4:27  Probe (Chrono Boost)  
  43  4:34  Assimilator  
  43  4:38  Assimilator  
  45  4:39  Probe x2 (Chrono Boost)  
  45  4:51  Probe x2 (Chrono Boost)  
  47  4:54  Gateway  
  47  4:55  Gateway  
  47  5:00  Photon Cannon  
  47  5:03  Photon Cannon x2  
  47  5:24  Stalker x3  
  47  5:25  Stalker x3  
  59  5:30  Pylon  
  59  5:33  Pylon  
  59  5:35  Pylon  
  59  5:56  Stalker x3, Protoss Ground Armor Level 1  
  59  5:57  Stalker x3  
  71  6:07  Twilight Council  
  71  6:24  Stalker x2  
  71  6:25  Stalker x3  
  79  6:52  Blink  
  79  7:07  Dark Shrine  
  79  7:11  Pylon x2  
  79  7:27  Nexus  
  79  7:30  Stalker x4  
  79  7:31  Stalker x4  
  95  8:04  Protoss Ground Weapons Level 2  
  93  8:24  Dark Templar x5  
  93  8:25  Dark Templar  
  91  9:19  Stalker x4  
  91  9:20  Stalker x4  
  107  9:31  Pylon  
  107  9:32  Pylon x2  
  107  9:33  Pylon  
  107  9:35  Charge  
  107  9:50  Stalker  
  107  9:51  Stalker x5  
  107  9:52  Stalker  
  59  10:34  Zealot x2  
  59  10:35  Zealot x6  
  55  11:05  Stalker x2  
  55  11:06  Stalker x4  
  55  11:07  Stalker x2  
  53  11:32  Stalker x2  
  39  11:33  Stalker x4  
  46  12:25  Dark Templar x4  
  46  12:26  Dark Templar x3  
  36  13:35  Dark Templar x2  
Show
View Real Time Build Order
Export as new Build Order

Rugi Zerg 

Build Orders: Hatch First, Muta Ling Bane 

Get SALT Encoding   

  12  0:00  Drone  
  13  0:13  Overlord  
  13  0:18  Drone  
  14  0:32  Drone x2  
  16  0:36  Drone  
  17  0:52  Hatchery  
  17  0:56  Drone  
  17  0:58  Drone  
  17  1:03  Extractor  
  17  1:08  Drone  
  18  1:17  Spawning Pool  
  17  1:20  Drone  
  18  1:30  Drone  
  19  1:39  Overlord  
  19  2:04  Metabolic Boost  
  19  2:05  Zergling x6  
  19  2:06  Queen  
  24  2:09  Queen  
  24  2:12  Drone  
  27  2:16  Drone  
  28  2:23  Drone  
  29  2:30  Drone  
  29  2:35  Drone  
  31  2:40  Drone  
  32  2:45  Overlord  
  32  2:49  Queen  
  32  2:50  Queen  
  36  3:05  Drone x3  
  39  3:08  Drone  
  39  3:09  Drone  
  41  3:17  Drone x2  
  41  3:18  Drone  
  44  3:37  Overlord x2  
  44  3:44  Extractor  
  44  3:46  Roach Warren  
  41  3:56  Hatchery  
  41  4:00  Zergling x2  
  41  4:01  Zergling x12  
  47  4:05  Drone x3  
  47  4:07  Drone  
  51  4:14  Drone x2  
  52  4:18  Drone  
  52  4:20  Hatchery  
  52  4:22  Lair  
  52  4:24  Overlord  
  52  4:32  Drone  
  52  4:34  Drone x3  
  56  4:39  Evolution Chamber, Extractor  
  56  4:43  Drone x2  
  56  4:44  Drone x2  
  58  4:49  Drone x2  
  58  4:51  Extractor  
  57  5:01  Drone x2  
  58  5:12  Drone x4  
  58  5:15  Drone x3  
  58  5:19  Glial Reconstitution  
  60  5:32  Roach  
  60  5:33  Roach x3  
  68  5:45  Spore Crawler  
  68  5:47  Zergling x2  
  68  5:48  Zergling x12  
  74  5:51  Roach  
  74  5:52  Roach x2  
  74  5:53  Overlord  
  74  5:54  Overlord  
  80  6:07  Overlord  
  80  6:12  Roach  
  80  6:13  Roach x6  
  96  6:18  Ravager x2  
  96  6:19  Overlord  
  96  6:20  Overlord x2  
  96  6:23  Zerg Ground Armor Level 1  
  96  6:26  Drone  
  96  6:27  Drone x4  
  98  6:54  Roach x4  
  98  6:55  Roach x9  
  122  7:03  Drone x4  
  124  7:21  Roach x4  
  124  7:22  Roach x2  
  128  7:23  Overlord x4  
  128  7:26  Overseer x2  
  128  7:41  Spire  
  128  7:44  Evolution Chamber  
  126  7:46  Baneling Nest  
  126  7:48  Ravager x2  
  126  7:49  Ravager  
  126  7:50  Burrow  
  126  7:51  Drone x9  
  137  8:02  Extractor  
  136  8:31  Overlord x2  
  136  8:37  Extractor  
  136  8:40  Overlord x5  
  135  8:41  Zerg Ground Armor Level 2  
  135  8:43  Zerg Melee Weapons Level 1, Centrifical Hooks  
  135  8:44  Overseer  
  135  8:52  Spore Crawler  
  135  8:53  Hatchery  
  135  8:54  Overlord x2  
  120  9:29  Mutalisk  
  120  9:30  Mutalisk x6, Hydralisk Den  
  131  9:34  Zergling x10  
  106  10:45  Hydralisk  
  106  10:46  Muscular Augments, Hydralisk x15  
  106  10:47  Hydralisk x6  
  129  11:01  Hydralisk  
  129  11:02  Hydralisk x4  
  139  11:08  Zerg Missile Weapons Level 1  
  107  12:08  Mutalisk x7  
  84  12:36  Hydralisk x6  
  78  12:55  Hydralisk x3  
  78  12:57  Hydralisk x2  
  86  13:28  Roach x2  
  86  13:29  Roach x6  
  100  13:41  Corruptor x2  
  96  13:49  Hydralisk x2  
  100  14:09  Hydralisk x3  
  98  14:15  Hydralisk x4  
  112  14:23  Hydralisk  
  112  14:25  Hydralisk  
  112  14:28  Hydralisk  
  110  14:48  Hydralisk x2  
  110  14:51  Hydralisk x3  
  120  14:57  Hydralisk  
  120  15:07  Hydralisk x2  
Show
View Real Time Build Order
Export as new Build Order

Myran Protoss 

Build Orders: Double Forge 

Get SALT Encoding   

  12  0:02  Probe (Chrono Boost)  
  13  0:13  Probe (Chrono Boost)  
  14  0:23  Pylon  
  14  0:24  Probe (Chrono Boost)  
  15  0:43  Gateway  
  15  0:44  Probe (Chrono Boost)  
  16  0:55  Probe (Chrono Boost)  
  16  0:56  Assimilator  
  17  1:05  Probe (Chrono Boost)  
  18  1:11  Pylon  
  18  1:16  Probe (Chrono Boost)  
  19  1:22  Forge  
  19  1:26  Probe (Chrono Boost)  
  19  1:32  Assimilator  
  20  1:37  Probe (Chrono Boost)  
  20  1:38  Zealot  
  23  1:48  Probe (Chrono Boost)  
  23  1:51  Pylon  
  24  1:58  Probe (Chrono Boost)  
  25  2:09  Probe (Chrono Boost)  
  25  2:11  Zealot  
  28  2:19  Probe (Chrono Boost)  
  28  2:32  Photon Cannon  
  27  2:39  Probe (Chrono Boost)  
  28  2:49  Zealot  
  28  3:12  Nexus  
  30  3:21  Probe (Chrono Boost)  
  29  3:40  Photon Cannon  
  29  3:44  Pylon  
  29  3:47  Pylon  
  27  4:24  Gateway  
  27  4:32  Probe (Chrono Boost)  
  28  4:40  Forge  
  28  4:42  Probe (Chrono Boost)  
  29  4:53  Probe (Chrono Boost)  
  29  4:54  Pylon  
  30  5:00  Pylon  
  30  5:03  Probe (Chrono Boost)  
  31  5:08  Assimilator  
  31  5:10  Zealot  
  31  5:12  Zealot  
  31  5:13  Assimilator  
  34  5:14  Probe (Chrono Boost)  
  34  5:22  Cybernetics Core  
  34  5:25  Probe (Chrono Boost)  
  34  5:27  Gateway  
  35  5:31  Pylon  
  35  5:34  Photon Cannon  
  35  5:38  Probe (Chrono Boost)  
  36  5:46  Zealot  
  36  5:48  Zealot  
  36  5:49  Probe (Chrono Boost)  
  41  5:58  Protoss Ground Weapons Level 1  
  41  5:59  Probe x2 (Chrono Boost)  
  43  6:08  Warp Gate  
  43  6:10  Probe (Chrono Boost)  
  44  6:16  Pylon, Stalker  
  44  6:17  Stalker  
  48  6:19  Stalker  
  48  6:20  Probe (Chrono Boost)  
  48  6:24  Probe (Chrono Boost)  
  52  6:31  Probe (Chrono Boost)  
  53  6:33  Robotics Facility  
  53  6:35  Probe (Chrono Boost)  
  54  6:45  Twilight Council  
  54  6:48  Pylon  
  54  6:50  Probe (Chrono Boost)  
  54  6:51  Stalker x2  
  59  6:57  Zealot  
  59  7:00  Probe (Chrono Boost)  
  60  7:23  Zealot  
  60  7:24  Zealot  
  60  7:26  Observer  
  65  7:34  Stalker  
  65  7:35  Charge  
  67  7:38  Probe (Chrono Boost)  
  68  7:47  Immortal, Protoss Ground Armor Level 1  
  68  7:49  Probe (Chrono Boost)  
  68  7:50  Zealot  
  73  8:36  Immortal  
  73  8:41  Zealot x2  
  81  8:49  Stalker  
  83  8:58  Probe (Chrono Boost)  
  83  9:02  Probe (Chrono Boost)  
  86  9:10  Probe (Chrono Boost), Stalker x2  
  86  9:15  Blink  
  90  9:22  Probe (Chrono Boost)  
  90  9:23  Protoss Ground Weapons Level 2  
  90  9:32  Observer  
  90  9:37  Zealot  
  93  9:45  Pylon  
  93  9:47  Pylon  
  93  9:51  Pylon  
  93  9:58  Immortal  
  97  10:08  Pylon  
  97  10:10  Pylon  
  66  10:44  Zealot x3  
  66  10:46  Observer  
  57  10:55  Gateway  
  57  10:58  Gateway  
  57  11:02  Immortal  
  57  11:06  Zealot x3  
  67  11:21  Protoss Ground Armor Level 2  
  60  11:36  Immortal  
  60  11:41  Stalker x2  
  60  11:42  Stalker  
  64  12:13  Observer, Zealot x2  
  64  12:14  Zealot  
  71  12:28  Zealot x2  
  67  12:56  Immortal  
  67  12:57  Zealot  
  67  12:58  Zealot x2  
  71  12:59  Zealot  
  63  13:23  Zealot x2  
  63  13:24  Zealot x2  
  71  13:30  Immortal  
  71  13:34  Pylon  
  71  13:35  Pylon  
  75  13:48  Stalker x3  
  77  13:49  Stalker  
  83  14:04  Immortal  
  87  14:17  Zealot x3  
  87  14:18  Zealot x2  
  79  14:42  Immortal  
  79  14:49  Zealot x3  
  79  14:50  Zealot x2  
  55  15:25  Stalker x2  
  55  15:26  Stalker x2  
Show
View Real Time Build Order
Export as new Build Order

dallaskuken Protoss 

Build Orders: 1 Gate Expand 

Get SALT Encoding   

  12  0:01  Probe (Chrono Boost)  
  13  0:14  Pylon  
  13  0:18  Probe (Chrono Boost)  
  14  0:28  Probe (Chrono Boost)  
  15  0:39  Probe (Chrono Boost), Gateway  
  16  0:49  Probe (Chrono Boost)  
  17  1:00  Probe (Chrono Boost)  
  18  1:11  Probe (Chrono Boost)  
  19  1:20  Nexus  
  19  1:24  Assimilator  
  19  1:32  Cybernetics Core  
  19  1:36  Probe (Chrono Boost)  
  20  1:45  Assimilator  
  20  1:49  Probe (Chrono Boost)  
  20  1:51  Zealot  
  23  1:58  Pylon  
  23  2:09  Warp Gate  
  23  2:16  Pylon  
  25  2:22  Zealot  
  25  2:41  Probe (Chrono Boost)  
  25  2:44  Probe (Chrono Boost)  
  27  2:49  Stalker  
  29  2:51  Probe (Chrono Boost)  
  30  2:59  Mothership Core (Chrono Boost)  
  30  3:02  Probe (Chrono Boost)  
  34  3:13  Probe (Chrono Boost)  
  31  3:45  Probe (Chrono Boost)  
  32  3:56  Probe (Chrono Boost)  
  33  4:06  Probe (Chrono Boost)  
  33  4:07  Stalker  
  34  4:15  Gateway  
  32  4:18  Gateway  
  32  4:21  Gateway  
  32  4:23  Probe (Chrono Boost)  
  33  4:29  Pylon  
  33  4:33  Probe (Chrono Boost)  
  34  4:47  Probe (Chrono Boost)  
  34  4:49  Forge  
  35  4:56  Assimilator  
  35  4:58  Probe (Chrono Boost)  
  37  5:00  Probe (Chrono Boost)  
  37  5:01  Assimilator  
  37  5:08  Probe (Chrono Boost)  
  37  5:10  Probe (Chrono Boost)  
  37  5:11  Robotics Facility  
  39  5:19  Probe (Chrono Boost)  
  39  5:21  Probe (Chrono Boost)  
  41  5:29  Probe (Chrono Boost)  
  41  5:31  Probe (Chrono Boost)  
  43  5:37  Stalker  
  43  5:38  Stalker x2  
  43  5:40  Probe (Chrono Boost)  
  43  5:42  Probe (Chrono Boost)  
  51  5:44  Pylon  
  51  5:49  Pylon  
  51  5:50  Probe (Chrono Boost)  
  51  5:51  Pylon  
  51  5:52  Probe (Chrono Boost)  
  53  5:59  Immortal  
  53  6:01  Probe (Chrono Boost), Stalker  
  53  6:03  Probe (Chrono Boost)  
  61  6:06  Sentry x3  
  67  6:11  Probe (Chrono Boost)  
  68  6:20  Photon Cannon  
  68  6:23  Photon Cannon  
  68  6:31  Robotics Facility  
  68  6:59  Immortal  
  64  7:22  Observer  
  64  7:26  Stalker x3  
  64  7:27  Stalker  
  72  7:40  Immortal  
  76  7:52  Gateway  
  76  7:55  Gateway  
  76  7:57  Gateway  
  75  8:32  Immortal  
  75  8:33  Immortal  
  83  8:37  Stalker  
  85  8:45  Pylon  
  85  8:47  Pylon  
  85  8:48  Pylon  
  85  8:49  Pylon, Protoss Ground Weapons Level 1  
  85  8:50  Pylon  
  83  9:23  Stalker x2  
  57  9:34  Immortal  
  57  9:35  Pylon, Immortal  
  57  9:53  Stalker x3  
  57  9:54  Stalker x4  
  71  10:14  Immortal x2  
  79  10:29  Sentry x3  
  79  10:30  Sentry  
  85  10:53  Immortal x2  
  71  11:31  Warp Prism  
  71  11:32  Immortal  
  75  11:44  Stalker x4  
  75  11:45  Stalker x2  
  87  12:08  Immortal  
  91  12:12  Immortal  
  95  12:33  Stalker x5  
  105  12:47  Immortal  
  103  12:58  Zealot x3  
  103  12:59  Zealot x2  
  103  13:00  Zealot  
  91  13:20  Stalker x3  
  91  13:21  Stalker x3  
  73  13:37  Immortal x2  
  81  13:42  Robotics Bay  
  81  14:46  Stalker x5  
  81  14:47  Stalker x2  
  61  15:30  Stalker x4  
  61  15:31  Stalker x2  
Show
View Real Time Build Order
Export as new Build Order

Danny Protoss 

Build Orders: Blink Stalkers 

Get SALT Encoding   

  12  0:01  Probe (Chrono Boost)  
  13  0:11  Probe (Chrono Boost)  
  14  0:20  Pylon  
  14  0:24  Probe (Chrono Boost)  
  15  0:38  Probe (Chrono Boost)  
  15  0:39  Gateway  
  16  0:46  Assimilator  
  16  0:53  Assimilator  
  16  0:54  Probe (Chrono Boost)  
  17  1:05  Probe (Chrono Boost)  
  17  1:10  Pylon  
  18  1:15  Probe (Chrono Boost)  
  19  1:26  Probe (Chrono Boost)  
  20  1:33  Cybernetics Core  
  20  1:36  Probe (Chrono Boost)  
  21  1:47  Probe (Chrono Boost)  
  22  1:56  Gateway  
  22  1:58  Probe (Chrono Boost)  
  23  2:11  Mothership Core (Chrono Boost)  
  23  2:12  Warp Gate  
  25  2:19  Stalker  
  27  2:33  Probe (Chrono Boost)  
  27  2:34  Twilight Council  
  28  2:41  Pylon  
  28  2:42  Pylon  
  29  2:44  Probe (Chrono Boost)  
  29  2:49  Stalker  
  31  2:59  Stalker  
  31  3:02  Probe (Chrono Boost)  
  34  3:18  Gateway  
  34  3:27  Blink  
  34  3:31  Stalker  
  36  3:38  Stalker  
  38  4:05  Gateway  
  38  4:09  Gateway  
  38  4:26  Nexus  
  38  4:30  Pylon  
  38  4:36  Stalker  
  41  4:46  Probe (Chrono Boost)  
  41  4:51  Stalker  
  43  4:58  Probe (Chrono Boost)  
  44  5:06  Forge  
  44  5:12  Stalker  
  44  5:13  Stalker  
  48  5:24  Probe (Chrono Boost)  
  50  5:35  Robotics Facility  
  50  5:36  Probe (Chrono Boost)  
  50  5:38  Probe (Chrono Boost)  
  50  5:39  Protoss Ground Weapons Level 1  
  51  5:45  Assimilator  
  51  5:48  Probe (Chrono Boost)  
  51  5:49  Probe (Chrono Boost)  
  53  6:06  Probe (Chrono Boost)  
  53  6:07  Probe (Chrono Boost)  
  53  6:08  Stalker  
  53  6:09  Stalker  
  59  6:12  Assimilator  
  59  6:17  Photon Cannon  
  59  6:19  Probe (Chrono Boost)  
  59  6:20  Probe (Chrono Boost)  
  59  6:24  Observer  
  62  6:33  Pylon  
  62  6:34  Probe (Chrono Boost)  
  62  6:35  Probe (Chrono Boost)  
  62  6:38  Stalker  
  62  6:39  Stalker  
  68  6:46  Pylon  
  68  6:49  Pylon  
  68  6:57  Stalker  
  68  6:58  Stalker  
  72  7:19  Probe (Chrono Boost)  
  72  7:20  Probe (Chrono Boost)  
  72  7:21  Stalker x3  
  72  7:22  Stalker  
  82  7:23  Protoss Ground Armor Level 1  
  82  7:29  Immortal  
  86  7:35  Resonating Glaives  
  86  7:41  Probe (Chrono Boost)  
  86  7:43  Stalker  
  89  7:45  Stalker  
  91  7:51  Pylon  
  91  8:18  Stalker x3  
  91  8:19  Stalker  
  99  8:28  Nexus  
  99  8:31  Pylon  
  99  8:39  Pylon  
  99  8:40  Probe (Chrono Boost)  
  101  8:42  Probe (Chrono Boost)  
  101  8:49  Immortal  
  105  9:02  Stalker x4  
  113  9:09  Assimilator  
  113  9:14  Assimilator  
  113  9:17  Pylon  
  113  9:20  Photon Cannon  
  113  9:23  Stalker  
  115  9:46  Stalker  
  115  9:47  Stalker x4  
  128  9:52  Probe (Chrono Boost)  
  128  9:53  Probe (Chrono Boost)  
  128  9:54  Probe (Chrono Boost)  
  128  10:01  Gateway  
  128  10:05  Pylon  
  128  10:10  Probe (Chrono Boost)  
  128  10:12  Probe (Chrono Boost)  
  128  10:13  Stalker x2  
  115  11:28  Stalker x4  
  115  11:29  Stalker  
  125  11:41  Gateway  
  102  12:39  Stalker x5  
  102  12:40  Stalker  
  106  12:49  Gateway  
  96  12:51  Gateway  
  96  12:57  Gateway  
  78  13:37  Probe x2 (Chrono Boost)  
  78  13:38  Probe (Chrono Boost)  
  81  13:49  Stalker  
  81  13:50  Probe (Chrono Boost), Stalker x5  
  81  13:51  Stalker  
  81  13:52  Stalker  
  62  14:53  Stalker x3  
  62  14:54  Stalker x5  
  62  14:55  Stalker x2  
  62  14:57  Observer  
  83  15:15  Observer  
Show
View Real Time Build Order
Export as new Build Order

HiDo Terran 

Build Orders:  

Get SALT Encoding   

  12  0:00  SCV  
  13  0:13  SCV  
  14  0:18  Supply Depot  
  14  0:25  SCV  
  15  0:40  SCV  
  15  0:41  Barracks  
  16  0:52  SCV  
  17  1:04  SCV  
  18  1:19  Command Center  
  18  1:21  SCV  
  19  1:28  Marine  
  20  1:34  Orbital Command  
  20  1:40  Refinery  
  20  1:45  Refinery  
  20  1:53  Supply Depot  
  20  1:56  Marine  
  21  2:01  SCV  
  22  2:13  SCV  
  23  2:16  Marine  
  23  2:18  Bunker  
  24  2:25  SCV  
  25  2:30  Orbital Command  
  25  2:40  Barracks Reactor  
  25  2:43  SCV  
  26  2:44  Factory  
  26  2:55  SCV  
  26  2:56  SCV  
  28  3:08  SCV  
  29  3:14  SCV  
  29  3:17  Marine x2  
  32  3:20  SCV  
  33  3:37  SCV  
  33  3:38  Marine x2  
  33  3:39  Factory Tech Lab  
  33  3:40  Command Center  
  33  3:41  Refinery  
  36  3:42  SCV  
  36  3:44  Engineering Bay  
  36  3:45  Refinery  
  37  3:49  SCV  
  37  3:54  SCV  
  39  3:58  Marine x2, Siege Tank  
  39  4:01  SCV  
  45  4:06  SCV  
  46  4:11  Missile Turret  
  46  4:15  Missile Turret  
  46  4:25  Supply Depot  
  46  4:39  Supply Depot  
  46  4:46  Marine x2  
  46  4:47  Siege Tank, SCV x2  
  46  4:51  Starport  
  53  4:53  Starport  
  53  4:54  Armory  
  53  4:58  Orbital Command  
  53  4:59  SCV  
  54  5:08  SCV  
  54  5:11  SCV  
  56  5:16  Refinery  
  56  5:20  SCV  
  57  5:23  SCV  
  58  5:28  Marine x2, Siege Tank  
  58  5:30  SCV  
  58  5:32  SCV  
  58  5:33  Starport Tech Lab  
  58  5:34  Starport Tech Lab  
  58  5:35  SCV  
  66  5:36  Fusion Core  
  66  5:41  Terran Ship Weapons Level 1  
  66  5:43  SCV  
  66  5:44  SCV  
  68  5:50  SCV, Refinery, Missile Turret  
  68  5:55  SCV  
  70  6:01  SCV  
  70  6:02  Supply Depot  
  70  6:03  Supply Depot, SCV  
  72  6:07  SCV  
  73  6:15  Starport  
  72  6:24  Battlecruiser  
  78  6:29  Battlecruiser  
  81  6:53  Starport Tech Lab  
  77  7:01  Supply Depot  
  77  7:04  Supply Depot  
  77  7:05  Supply Depot  
  77  7:14  Supply Depot  
  77  7:20  Command Center  
  77  7:21  SCV  
  78  7:23  Battlecruiser, SCV  
  85  7:32  Battlecruiser  
  91  7:38  Terran Ship Weapons Level 2  
  91  7:40  SCV x2  
  93  7:52  Battlecruiser  
  93  7:54  SCV  
  93  7:56  SCV  
  100  8:15  SCV x2  
  102  8:27  Battlecruiser  
  108  8:36  Battlecruiser, Refinery  
  108  8:40  Refinery  
  114  8:57  Battlecruiser  
  104  9:24  Weapon Refit  
  103  9:31  Battlecruiser  
  109  9:40  Battlecruiser  
  115  9:52  Missile Turret  
  115  9:54  Terran Ship Weapons Level 3  
  117  10:16  Battlecruiser  
  113  11:01  Battlecruiser  
  116  11:12  Battlecruiser  
  116  11:36  Orbital Command  
  116  11:39  Battlecruiser  
  122  11:47  Command Center  
  122  11:58  SCV x2  
  124  12:03  Refinery  
  124  12:04  Supply Depot  
  124  12:06  Supply Depot, Refinery  
  124  12:07  Supply Depot x3  
  124  12:09  Supply Depot  
  124  12:10  SCV  
  125  12:25  SCV  
  125  12:26  Battlecruiser  
  132  12:31  Terran Vehicle And Ship Armor Level 1  
  126  12:57  Battlecruiser  
  132  13:00  Orbital Command  
  128  13:14  SCV  
  128  13:15  SCV  
  130  13:32  Battlecruiser x2  
  142  13:37  Missile Turret  
  142  14:01  Viking  
  144  14:16  SCV x3  
  144  14:28  SCV  
  144  14:31  Viking  
  143  14:36  Viking  
  145  15:04  Viking  
Show
View Real Time Build Order
Export as new Build Order

iceman Terran 

Build Orders:  

Get SALT Encoding   

  12  0:00  SCV  
  13  0:13  SCV  
  14  0:18  Supply Depot  
  14  0:25  SCV  
  15  0:31  Refinery  
  15  0:40  SCV  
  16  0:46  Barracks  
  16  0:52  SCV  
  17  1:04  SCV  
  18  1:16  SCV  
  19  1:28  SCV  
  20  1:33  Reaper  
  21  1:41  Orbital Command  
  21  1:51  Command Center  
  21  2:03  Refinery  
  21  2:05  Reaper  
  21  2:06  SCV  
  23  2:12  Factory  
  23  2:54  Barracks Reactor  
  23  3:03  SCV  
  24  3:15  SCV  
  24  3:27  SCV  
  24  3:34  Marine  
  24  3:35  Marine, Widow Mine  
  24  3:39  Orbital Command, SCV  
  24  3:40  Starport  
  29  3:51  SCV  
  29  3:52  Marine  
  29  3:53  Marine  
  29  3:55  Factory  
  32  4:00  Refinery, Supply Depot  
  32  4:03  SCV  
  32  4:05  Factory Reactor  
  32  4:06  SCV  
  34  4:10  Marine  
  34  4:11  Marine  
  34  4:12  Armory  
  34  4:15  SCV  
  37  4:18  SCV  
  38  4:27  SCV  
  38  4:30  Marine x2, Command Center, SCV  
  42  4:33  Supply Depot  
  42  4:38  Factory Tech Lab, Supply Depot  
  42  4:39  SCV  
  42  4:42  Widow Mine, SCV  
  46  4:49  Supply Depot  
  46  4:54  Widow Mine  
  46  4:55  Marine x2  
  49  5:05  SCV  
  49  5:06  Widow Mine  
  43  5:09  SCV  
  43  5:10  Widow Mine  
  43  5:12  Marine x2  
  48  5:17  SCV  
  49  5:21  SCV  
  49  5:23  Widow Mine  
  52  5:29  SCV  
  52  5:30  Marine  
  52  5:33  SCV  
  52  5:34  Drilling Claws  
  55  5:36  Supply Depot  
  55  5:40  Terran Vehicle And Ship Armor Level 1  
  55  5:41  SCV  
  56  5:46  SCV  
  56  5:48  Supply Depot  
  57  5:52  Starport Reactor, Widow Mine  
  57  5:53  SCV  
  60  5:58  SCV  
  61  6:05  SCV  
  61  6:07  Engineering Bay  
  61  6:08  Widow Mine  
  61  6:10  SCV  
  61  6:11  Widow Mine  
  65  6:16  Orbital Command  
  65  6:18  SCV  
  68  6:21  Widow Mine  
  68  6:22  SCV  
  71  6:30  SCV  
  72  6:33  Factory  
  72  6:34  SCV  
  72  6:36  Refinery  
  72  6:37  Widow Mine, Refinery  
  72  6:39  Widow Mine  
  75  6:43  SCV x2  
  75  6:46  SCV  
  80  6:55  SCV  
  81  7:11  Widow Mine x3  
  77  7:28  Factory Reactor  
  77  7:31  Factory  
  77  7:32  SCV  
  77  7:33  SCV x2  
  80  7:39  Widow Mine  
  80  7:40  Widow Mine  
  80  7:42  Widow Mine  
  86  7:47  Terran Vehicle And Ship Armor Level 2  
  86  7:55  Supply Depot  
  86  8:05  Widow Mine x2  
  69  8:08  Widow Mine x2  
  69  8:10  Widow Mine  
  73  8:19  Widow Mine  
  60  8:30  Command Center  
  60  8:33  Widow Mine x2  
  62  8:36  Widow Mine  
  62  8:37  Widow Mine  
  62  8:39  Widow Mine  
  70  8:43  Supply Depot  
  72  9:02  Widow Mine x2, Refinery  
  74  9:05  Widow Mine x2  
  74  9:07  Widow Mine  
  74  9:08  Factory Reactor  
  74  9:30  Widow Mine  
  74  9:31  Widow Mine  
  72  9:34  Widow Mine  
  72  9:37  Widow Mine x2  
  80  9:54  Widow Mine x2  
  80  9:59  Widow Mine x2  
  86  10:00  SCV  
  86  10:02  Widow Mine  
  86  10:04  Supply Depot  
  86  10:05  Widow Mine x2  
  86  10:06  Refinery  
  91  10:09  Refinery  
  88  10:22  Widow Mine x2  
  88  10:27  Widow Mine  
  88  10:28  Widow Mine  
  68  10:31  Widow Mine  
  68  10:34  Widow Mine x2  
  60  10:50  SCV x2  
  60  10:51  Widow Mine  
  60  10:52  Hellbat  
  69  10:57  Hellion x2  
  69  11:00  Hellion  
  69  11:02  SCV x2  
  69  11:03  Hellion x2  
  77  11:08  Orbital Command  
  77  11:13  Hellion  
  77  11:14  SCV  
  77  11:17  Widow Mine  
  84  11:18  Hellion  
  84  11:21  SCV  
  84  11:25  Missile Turret  
  66  11:34  Hellion  
  66  11:35  Hellion  
  66  11:36  Hellion x3  
  43  11:58  Hellion x3  
  43  12:07  SCV  
  43  12:11  Widow Mine  
  45  12:20  SCV x2  
  45  12:22  SCV  
  48  12:32  SCV  
  48  12:36  Hellion  
  49  12:43  SCV  
  51  12:44  SCV  
  51  12:46  Command Center, Widow Mine  
  52  12:53  Widow Mine x2  
  28  13:20  SCV  
  19  13:28  SCV  
  19  13:32  SCV  
  19  13:50  SCV x2  
  20  14:02  SCV x2  
  22  14:07  Widow Mine x4  
  30  14:31  Widow Mine  
  30  14:32  Widow Mine  
  30  14:38  Widow Mine  
  34  14:39  SCV x2  
  38  14:47  Widow Mine x2  
  38  14:51  Widow Mine  
  44  15:00  Widow Mine  
  44  15:04  SCV  
  47  15:11  Orbital Command  
Show
View Real Time Build Order
Export as new Build Order

MaDMaX Protoss 

Build Orders:  

Get SALT Encoding   

  12  0:01  Probe (Chrono Boost)  
  13  0:11  Probe (Chrono Boost)  
  14  0:18  Pylon  
  14  0:22  Probe (Chrono Boost)  
  15  0:37  Probe (Chrono Boost)  
  16  0:43  Gateway  
  16  0:47  Probe (Chrono Boost)  
  17  0:52  Assimilator  
  17  0:58  Probe (Chrono Boost)  
  18  1:08  Probe (Chrono Boost)  
  19  1:12  Gateway  
  19  1:19  Probe (Chrono Boost)  
  19  1:21  Assimilator  
  20  1:29  Probe (Chrono Boost)  
  20  1:31  Cybernetics Core  
  21  1:40  Probe (Chrono Boost)  
  22  1:49  Pylon  
  22  1:50  Probe (Chrono Boost)  
  23  1:58  Warp Gate  
  23  2:10  Stalker x2  
  27  2:20  Mothership Core (Chrono Boost)  
  29  2:35  Pylon  
  29  2:40  Stalker  
  31  2:53  Stalker  
  33  3:08  Nexus  
  33  3:12  Stalker  
  35  3:33  Probe (Chrono Boost)  
  36  3:37  Robotics Facility  
  36  3:45  Probe (Chrono Boost)  
  37  4:28  Stalker  
  37  4:29  Stalker  
  41  4:33  Probe (Chrono Boost)  
  41  4:34  Probe (Chrono Boost)  
  43  4:43  Probe (Chrono Boost)  
  45  4:46  Probe (Chrono Boost)  
  45  4:51  Immortal  
  49  4:54  Probe (Chrono Boost)  
  49  4:58  Probe (Chrono Boost), Pylon x2  
  51  5:04  Probe (Chrono Boost)  
  52  5:10  Probe (Chrono Boost)  
  53  5:15  Probe (Chrono Boost)  
  53  5:18  Adept x2  
  59  5:23  Probe (Chrono Boost), Gateway  
  59  5:24  Gateway  
  59  5:25  Probe (Chrono Boost)  
  60  5:30  Gateway  
  60  5:35  Probe (Chrono Boost)  
  61  5:36  Probe (Chrono Boost)  
  61  5:39  Pylon  
  62  5:48  Robotics Bay  
  62  5:57  Probe (Chrono Boost)  
  62  5:59  Probe (Chrono Boost), Robotics Facility  
  64  6:04  Assimilator  
  64  6:08  Probe (Chrono Boost), Assimilator  
  66  6:11  Probe (Chrono Boost)  
  66  6:18  Probe (Chrono Boost)  
  66  6:23  Probe (Chrono Boost)  
  68  6:27  Adept  
  70  6:36  Extended Thermal Lance  
  70  6:38  Pylon  
  70  6:42  Pylon  
  70  6:56  Colossus  
  70  6:57  Probe (Chrono Boost)  
  70  6:59  Colossus  
  83  7:17  Probe (Chrono Boost)  
  83  7:18  Probe (Chrono Boost), Nexus  
  83  7:21  Pylon  
  85  7:32  Pylon  
  85  7:33  Pylon  
  85  7:34  Pylon  
  85  7:39  Probe (Chrono Boost)  
  85  7:40  Probe (Chrono Boost), Stalker x3  
  93  7:50  Colossus, Probe (Chrono Boost)  
  101  7:52  Probe (Chrono Boost)  
  101  8:00  Probe (Chrono Boost)  
  101  8:05  Probe (Chrono Boost), Pylon  
  103  8:11  Probe (Chrono Boost)  
  104  8:17  Adept x4  
  104  8:18  Adept  
  114  8:25  Pylon  
  114  8:27  Pylon  
  114  8:28  Colossus  
  120  8:44  Probe x2 (Chrono Boost), Observer  
  120  8:45  Probe (Chrono Boost)  
  124  8:55  Probe x2 (Chrono Boost)  
  126  8:58  Probe (Chrono Boost)  
  127  9:05  Colossus  
  127  9:22  Colossus  
  129  9:39  Probe (Chrono Boost)  
  129  9:41  Probe (Chrono Boost), Assimilator  
  129  9:43  Assimilator  
  131  9:49  Forge  
  131  9:50  Forge  
  131  9:54  Adept x4  
  131  9:55  Adept  
  131  9:58  Colossus  
  147  10:07  Gateway x2  
  147  10:10  Gateway  
  140  10:15  Colossus, Gateway  
  140  10:19  Protoss Ground Armor Level 1  
  140  10:20  Protoss Ground Weapons Level 1  
  131  10:27  Stalker x2  
  131  10:28  Stalker x3  
  110  10:47  Probe (Chrono Boost)  
  110  10:48  Probe x2 (Chrono Boost)  
  113  10:52  Colossus  
  119  10:59  Twilight Council  
  119  11:00  Probe (Chrono Boost)  
  120  11:09  Colossus  
  126  11:14  Pylon  
  126  11:27  Stalker x2  
  126  11:28  Stalker x3  
  136  11:45  Colossus  
  142  11:47  Blink  
  142  11:54  Stalker x2  
  142  11:55  Stalker x2  
  150  12:02  Colossus  
  156  12:16  Protoss Ground Armor Level 2  
  156  12:17  Protoss Ground Weapons Level 2  
  146  12:39  Colossus  
  152  12:46  Pylon, Nexus  
  142  12:56  Colossus  
  127  13:18  Stalker x4  
  127  13:19  Stalker  
  137  13:20  Stalker  
  139  13:32  Colossus  
  145  13:45  Assimilator  
  145  13:49  Colossus  
  145  13:50  Assimilator  
  145  13:51  Stalker  
  145  13:52  Stalker x5  
  145  13:54  Stalker  
  162  14:26  Colossus  
  156  14:34  Stalker  
  156  14:35  Stalker x4  
  156  14:36  Stalker x4  
  166  14:44  Observer  
  155  15:05  Observer  
  116  15:23  Adept x6  
  116  15:24  Adept x3  
Tags
 
Add a new tag
Caveats
  • Supply blocks, unpowered buildings, or Contaminate may cause inaccurate times.
  • Supply counts are checked every 10 seconds.